 Dungeon Crawl Stone Soup version 0.27-a0-1202-ge72e49191c (webtiles) character file.

Game seed: 18132071876423804200

125 doombilly the Ruffian (level 4, 0/67 HPs)
             Began as a Troll Berserker on June 4, 2021.
             Was a Believer of Trog.
             Slain by an ogre
             ... wielding a +0 giant club
              (16 damage)
             ... on level 3 of the Dungeon.
             The game lasted 00:09:06 (1560 turns).

doombilly the Ruffian (Troll Berserker)             Turns: 1560, Time: 00:09:06

Health: 0/67       AC:  4    Str: 26    XL:     4   Next: 82%
Magic:  3/3        EV: 10    Int:  3    God:    Trog [**....]
Gold:   60         SH:  0    Dex:  9    Spells: 3/3 levels left

rFire    . . .     SeeInvis .     - Unarmed
rCold    . . .     Faith    .   (no shield)
rNeg     . . .     Spirit   .   a - +0 animal skin
rPois    .         Reflect  .   (helmet restricted)
rElec    .         Harm     .   (no cloak)
rCorr    .         Rampage  .   (gloves unavailable)
Will     .....                  (boots unavailable)
Stlth    ..........             (no amulet)
HPRegen  1.21/turn              (no ring)
MPRegen  0.08/turn              (no ring)

@: berserking, slowed
A: large, unfitting armour, claws 3, regeneration 1, shaggy fur 1, tough skin 1
a: Renounce Religion, Berserk, Trog's Hand


You were on level 3 of the Dungeon.
You worshipped Trog.
Trog was pleased with you.
You visited 1 branch of the dungeon, and saw 3 of its levels.

You collected 60 gold pieces.

Inventory:

Missiles
 b - 28 arrows
Armour
 a - a +0 animal skin (worn)
 c - a +0 ring mail
Scrolls
 d - a scroll of teleportation {unknown}
 e - a scroll of enchant weapon {unknown}


   Skills:
 + Level 3.0 Fighting
 + Level 3.3 Dodging
 + Level 0.1 Stealth
 + Level 4.3 Unarmed Combat


You had 3 spell levels left.
You didn't know any spells.
Your spell library contained the following spells:

 Spells                   Type           Power      Damage    Failure   Level
 Foxfire                  Conj/Fire      0%         2x1d4     52%         1
 Conjure Flame            Conj/Fire      0%         6-21      88%         3
 Inner Flame              Hex/Fire       0%         N/A       88%         3
 Sticky Flame             Conj/Fire      0%         2d3       99%         4
 Fireball                 Conj/Fire      0%         3d3       100%        5


Dungeon Overview and Level Annotations

Branches:
Dungeon (3/15)

Altars:


Innate Abilities, Weirdness & Mutations

You are too large for most types of armour.
You have claws for hands.
Your natural rate of healing is unusually fast.
You are covered in fur. (AC +1)
You have tough skin. (AC +1)


Message History

Found an escape hatch in the floor.
Found a stone staircase leading down.
There is a stone staircase leading up here.
An ogre and Jessica come into view.
Jessica shouts!
Jessica gestures at you while chanting.
You feel yourself slow down. Jessica casts a spell at you.
Pain shoots through your body!
The ogre hits you with a +0 giant club!!
Ouch! That really hurt!
* * * LOW HITPOINT WARNING * * *
You don't know any spells.
Your skin crawls.
You feel strong-willed. The ogre completely misses you.
Jessica casts a spell.
Jessica seems to speed up.
The ogre barely misses you.
A red film seems to cover your vision as you go berserk!
You feel yourself moving faster!
You feel mighty!
You feel the effects of Trog's Hand fading.
Jessica closely misses you. Jessica hits you with a +0 dagger.
* * * LOW HITPOINT WARNING * * *
The ogre barely misses you.
You feel a strong urge to attack something.
You claw Jessica!
You kill Jessica!
Trog accepts your kill.
Trog appreciates your killing of a magic user.
Your Fighting skill increases to level 3!
The ogre hits you with a +0 giant club!
* * * LOW HITPOINT WARNING * * *
You closely miss the ogre. You scratch the ogre.
The ogre is lightly wounded.
The ogre closely misses you.
You claw the ogre!
The ogre is heavily wounded.
Your skin stops crawling.
You feel less strong-willed. The ogre hits you with a +0 giant club!
You die...

##############
##.....#.......
##.............#
#.....@O).......
#.......>.......
#...............
#>..............
#...............
#...............
##...<.........#
##...........##
######.#..#


You could see an ogre.

Vanquished Creatures
  Jessica (D:3)
  Natasha (D:2)
  Robin (D:2)
  2 adders (D:2)
  A worm (D:2)
  4 ball pythons
  2 endoplasms
  10 goblins (D:2)
  9 hobgoblins
  2 quokkas
  3 bats
  2 frilled lizards (D:1)
  A kobold (D:2)
  2 rats
41 creatures vanquished.

Vanquished Creatures (others)
  7 plants (D:1)
7 creatures vanquished.

Grand Total: 48 creatures vanquished

Notes
Turn   | Place    | Note
-------+----------+-------------------------------------------
     0 | D:1      | doombilly the Troll Berserker began the quest for the Orb.
     0 | D:1      | Reached XP level 1. HP: 22/22 MP: 0/0
   323 | D:1      | Reached XP level 2. HP: 28/29 MP: 1/1
   472 | D:1      | Found a faded altar of an unknown god.
  1062 | D:2      | Reached XP level 3. HP: 35/36 MP: 2/2
  1432 | D:2      | Noticed Natasha
  1434 | D:2      | Noticed Robin
  1441 | D:2      | Reached ** piety under Trog
  1458 | D:2      | Killed Natasha
  1459 | D:2      | Reached skill level 4 in Unarmed Combat
  1459 | D:2      | Reached XP level 4. HP: 32/44 MP: 3/3
  1469 | D:2      | Killed Robin
  1548 | D:3      | Noticed Jessica
  1548 | D:3      | Noticed an ogre
  1556 | D:3      | Killed Jessica
  1560 | D:3      | Slain by an ogre

Illustrated notes

Levels and vault maps discovered:
D:1:      dpeg_arrival_renting, layout_basic, chequers_ecumenical_altar_lobes
D:2:      layout_loops_cross, minivault_14, cheibrodos_gnoll_hut, uniq_robin,
          uniq_natasha
D:3:      layout_rooms, xom_redecorated, minmay_diced_spiral, uniq_jessica

Skill      XL: |  1  2  3  4 |
---------------+-------------+-----
Dodging        | 3 |  3.3
Unarmed Combat | 4 |  4.3
Fighting       | 3 |  3.0
Stealth        | |  0.1

Action                   |  1- 3 |  4- 6 || total
-------------------------+-------+-------++-------
Melee: Unarmed           |   110 |    18 ||   128
       Punch             |     3 |       ||     3
Invok: Trog's Hand       |     1 |     2 ||     3
       Berserk           |     1 |     1 ||     2
Armor: Animal skin       |    41 |     8 ||    49
Dodge: Dodged            |    67 |    20 ||    87

Table legend: (Time is in decaauts)
 A = Elapsed time spent in this place.
 B = Non-inter-level travel time spent in this place.
 C = Inter-level travel time spent in this place.
 D = Time resting spent in this place.
 E = Time spent auto-exploring this place.
 F = Levels seen in this place.
 G = Mean time per level.
                   A        B        C        D        E       F      G
               +--------+--------+--------+--------+--------+-----+--------+
         Total |   1567 |   1567 |      0 |      0 |      0 |   3 |  522.3 |
       Dungeon |   1567 |   1567 |      0 |      0 |      0 |   3 |  522.3 |
               +--------+--------+--------+--------+--------+-----+--------+

Top non-repeatable levels by time:
     D:1: 982 daAuts
     D:2: 562 daAuts
     D:3: 22 daAuts
